 Dungeon Crawl Stone Soup version 0.31.0-11-ge490571c62 (webtiles) character file.

Game seed: 13151552653108874822

120 qw the Skirmisher (level 4, -1/25 HPs)
             Began as a Deep Elf Hunter on Feb 5, 2024.
             Slain by an endoplasm (2 damage)
             ... on level 2 of the Dungeon.
             The game lasted 00:00:59 (1252 turns).

qw the Skirmisher (Deep Elf Hunter)                 Turns: 1252, Time: 00:01:00

Health: -1/25      AC:  3    Str: 10    XL:     4   Next: 75%
Magic:  6/6        EV: 12    Int: 14    God:
Gold:   95         SH:  0    Dex: 18    Spells: 3/3 levels left

rFire   . . .        a - +0 shortbow
rCold   . . .        (shield currently unavailable)
rNeg    . . .        c - +0 leather armour
rPois   .            (no helmet)
rElec   .            (no cloak)
rCorr   +            (no gloves)
SInv    .            (no boots)
Will    .....        (no amulet)
Stlth   ++           d - ring of resist corrosion
HPRegen 0.24/turn    (no ring)
MPRegen 0.10/turn

%: no passive effects
@: no status effects
A: no striking features
a: no special abilities


You were on level 2 of the Dungeon.
You visited 1 branch of the dungeon, and saw 2 of its levels.

You collected 95 gold pieces.


   Skills:
 - Level 1.5 Fighting
 + Level 8.2 Ranged Weapons
 - Level 2.4 Dodging
 - Level 1.2 Stealth


You had 3 spell levels left.
You didn't know any spells.
Your spell library was empty.

Inventory:

Hand Weapons
 a - a +0 shortbow (weapon)
Armour
 c - a +0 leather armour (worn)
 f - a +0 pair of gloves
 m - a +0 ring mail
Jewellery
 d - a ring of resist corrosion (left hand)
Wands
 j - a wand of light (6)
Scrolls
 b - 2 scrolls of identify
 e - a scroll of fog {unknown}
 h - 2 scrolls of amnesia {unknown}
 k - a scroll of teleportation {unknown}
Potions
 g - a potion of cancellation
 i - a potion of ambrosia {unknown}
 l - a potion of attraction {unknown}

Dungeon Overview and Level Annotations

Branches:
Dungeon (2/15)

Altars:
Ashenzari
Fedhas
Gozag
Wu Jian
Xom
Zin

Shops:
D:1 ==(


Message History

The endoplasm freezes you.
You are frozen.
The jelly misses you.
You shoot an arrow. The arrow completely misses the jelly.
The endoplasm freezes you.
You are frozen.
The jelly hits you but does no damage.
You shoot an arrow. The arrow hits the jelly.
The jelly is severely wounded.
The endoplasm closely misses you. The jelly closely misses you.
The endoplasm hits you.
You shoot an arrow. The arrow hits the jelly.
You kill the jelly!
The endoplasm freezes you.
You are frozen.
The endoplasm hits you.
Your Ranged Weapons skill increases to level 8!
You shoot an arrow. The arrow hits the endoplasm.
The endoplasm is heavily wounded.
The endoplasm freezes you.
You are frozen.
The endoplasm freezes you.
You are frozen.
You shoot an arrow. The arrow barely misses the endoplasm.
The arrow hits the toadstool!
You destroy the toadstool!
The endoplasm freezes you.
You are frozen.
The endoplasm hits you but does no damage.
You shoot an arrow. The arrow hits the endoplasm.
The endoplasm is severely wounded.
The endoplasm barely misses you. The endoplasm misses you.
You shoot an arrow. The arrow barely misses the endoplasm.
The endoplasm freezes you.
You are frozen.
The endoplasm freezes you.
You are frozen.
You shoot an arrow.
The arrow hits the endoplasm but does no damage.
The endoplasm is severely wounded.
The endoplasm freezes you.
You are frozen.
The endoplasm hits you.
You die...

...........................##.# #
.......#......................# #
...#####.........#............# #
.................#............# #
........##########...#####.##.# #
........# ##### #....# #
........######## ###..###
........##%....J########## #..#..
........##.....J@##......###..#.#
........##......#)#.......##..).<
........##_%_.._#.#.....)..')).##
........##.%%..%#.#.....)..'.....
........##%%_.__#.#'#......'...##
........##......#.#.#..(..##.#.#
........##...PP.#.#.#....####..#
........##$%....##.####### .##
........# ### .#


You could see 2 endoplasms.

Vanquished Creatures
  2 jellies (D:2)
  2 dart slugs (D:1)
  8 endoplasms
  3 giant cockroaches
  2 goblins
  8 hobgoblins
  13 kobolds
  3 quokkas
  3 ball pythons
  2 bats
  A frilled lizard (D:2)
  4 rats (D:1)
51 creatures vanquished.

Notes
Turn   | Place    | Note
-------+----------+-------------------------------------------
     0 | D:1      | qw the Deep Elf Hunter began the quest for the Orb.
     0 | D:1      | Reached XP level 1. HP: 12/12 MP: 3/3
     0 | D:1      | 0 ||| qw: Version: 0.3-a-160-g6735b56
     0 | D:1      | 0 ||| qw: Game counter: 6385
     0 | D:1      | 0 ||| qw: Melee chars always use a shield: true
     0 | D:1      | 0 ||| qw: God list: Okawaru
     0 | D:1      | 0 ||| qw: Allow faded altars: false
     0 | D:1      | 0 ||| qw: Do Orc after clearing Dungeon:15 true
     0 | D:1      | 0 ||| qw: Do second Lair branch before Depths: true
     0 | D:1      | 0 ||| qw: Lair rune preference: random
     0 | D:1      | 0 ||| qw: Goals: Normal
     0 | D:1      | 0 ||| PLANNING D:1-11
    97 | D:1      | Reached XP level 2. HP: 16/16 MP: 4/4
   103 | D:1      | Reached skill level 6 in Ranged Weapons
   179 | D:1      | Found Cayrgh's Jewellery Shop.
   184 | D:1      | Found a faded altar of an unknown god.
   195 | D:1      | 195 ||| SHOPLISTING +5 ring of evasion (396 gold, have 38).
   195 | D:1      | 195 ||| SHOPLISTING +6 ring of dexterity (396 gold, have
                  | 38).
   195 | D:1      | 195 ||| SHOPLISTING amulet of Ugham {Faith Will- Int+4}
                  | (563 gold, have 38).
   195 | D:1      | 195 ||| SHOPLISTING ring of fire (275 gold, have 38).
   195 | D:1      | 195 ||| SHOPLISTING ring of protection from fire (275 gold,
                  | have 38).
   195 | D:1      | 195 ||| SHOPLISTING ring of willpower (275 gold, have 38).
   557 | D:1      | Found Osuineqo's Weapon Shoppe.
   565 | D:1      | Reached XP level 3. HP: 20/20 MP: 5/5
   668 | D:1      | Found Nehutab's Jewellery Emporium.
   677 | D:1      | 677 ||| SHOPLISTING +4 ring of slaying (1092 gold, have
                  | 44).
   677 | D:1      | 677 ||| SHOPLISTING +5 ring of evasion (504 gold, have 44).
   677 | D:1      | 677 ||| SHOPLISTING +6 ring of dexterity (504 gold, have
                  | 44).
   677 | D:1      | 677 ||| SHOPLISTING amulet of guardian spirit (420 gold,
                  | have 44).
   677 | D:1      | 677 ||| SHOPLISTING ring of fire (350 gold, have 44).
   677 | D:1      | 677 ||| SHOPLISTING ring of positive energy (280 gold, have
                  | 44).
   694 | D:1      | 694 ||| UPGRADING to ring of resist corrosion.
   695 | D:1      | 695 ||| READING 2 scrolls labelled XEUNOR LOZEACK.
   695 | D:1      | 695 ||| IDENTIFYING smoky sapphire potion
   696 | D:1      | 696 ||| READING scroll of identify.
   696 | D:1      | 696 ||| IDENTIFYING amethyst potion
   697 | D:1      | 697 ||| DRINKING 2 fuming red potions.
   698 | D:1      | 698 ||| DROPPING scroll of butterflies.
   699 | D:1      | 699 ||| DROPPING potion of magic.
   700 | D:1      | 700 ||| DROPPING potion of lignification.
  1026 | D:2      | Reached skill level 7 in Ranged Weapons
  1123 | D:2      | 1123 ||| FLEEEEING.
  1124 | D:2      | 1124 ||| FLEEEEING.
  1125 | D:2      | 1125 ||| FLEEEEING.
  1159 | D:2      | Reached XP level 4. HP: 17/25 MP: 6/6
  1163 | D:2      | 1163 ||| FLEEEEING.
  1164 | D:2      | 1164 ||| FLEEEEING.
  1165 | D:2      | 1165 ||| FLEEEEING.
  1166 | D:2      | 1166 ||| FLEEEEING.
  1167 | D:2      | 1167 ||| FLEEEEING.
  1168 | D:2      | 1168 ||| FLEEEEING.
  1239 | D:2      | Found a broken altar of Ashenzari.
  1239 | D:2      | Found a shimmering altar of Xom.
  1239 | D:2      | Found an opulent altar of Gozag.
  1239 | D:2      | Found a glowing silver altar of Zin.
  1239 | D:2      | Found a blossoming altar of Fedhas.
  1239 | D:2      | Found an ornate altar of the Wu Jian Council.
  1248 | D:2      | Reached skill level 8 in Ranged Weapons
  1251 | D:2      | HP: 6/25 [frozen (5)]
  1252 | D:2      | HP: 1/25 [frozen (4)]
  1252 | D:2      | Slain by an endoplasm

Levels and vault maps discovered:
D:1:      arrival_zaba_pyramid, layout_basic,
          hellmonk_ecumenical_altar_pennies_from_heaven, serial_shops,
          nicolae_shop_bloodbath_and_beyond, shop,
          nicolae_shop_competitors_out_of_business
D:2:      cheibrodos_fertilizer, layout_basic, hangedman_decor_growths,
          minmay_tromino_v4_a

Skill      XL: |  1  2  3  4 |
---------------+-------------+-----
Ranged Weapons | 6 7 8 |  8.2
Fighting       | |  1.5
Dodging        | |  2.4
Stealth        | |  1.2

Action                     |  1- 3 |  4- 6 || total
---------------------------+-------+-------++-------
   Fire: Shortbow          |   115 |    24 ||   139
    Use: Scroll            |     2 |       ||     2
         Potion            |     1 |       ||     1
 Armour: Leather armour    |    17 |     7 ||    24
  Dodge: Dodged            |    15 |     7 ||    22

Table legend:
 A = Non-vault XP
 B = Vault XP
 C = Vault XP percentage of total XP
 D = Non-vault monster count
 E = Vault monster count
 F = Vault count percentage of total count
                 A         B        C        D         E       F
            +---------+---------+-------+---------+---------+-------
      Total |      62 |     110 |  64.0 |      34 |      17 |  33.3
            +---------+---------+-------+---------+---------+-------
        D:1 |      45 |       0 |   0.0 |      24 |       0 |   0.0
        D:2 |      17 |     110 |  86.6 |      10 |      17 |  63.0
            +---------+---------+-------+---------+---------+-------
